 Dungeon Crawl Stone Soup version 0.27-a0-216-g1fbed8a51c (webtiles) character file.

Game seed: 17065502995017680147

60 jasper the Ducker (level 3, -1/19 HPs)
             Began as a Spriggan Fighter on Jan 31, 2021.
             Slain by a hobgoblin
             ... wielding a +0 club
              (4 damage)
             ... on level 2 of the Dungeon.
             The game lasted 00:01:35 (1554 turns).

jasper the Ducker (Spriggan Fighter)                Turns: 1554, Time: 00:01:35

Health: -1/19      AC:  2    Str: 13    XL:     3   Next: 82%
Magic:  4/4        EV: 19    Int:  9    God:
Gold:   58         SH:  6    Dex: 15    Spells: 2/2 levels left

rFire    x . .     SeeInvis +   a - +0 flail
rCold    + . .     Faith    .   c - +0 buckler
rNeg     + . .     Spirit   .   b - +0 robe
rPois    .         Reflect  .   (helmet restricted)
rElec    .         Harm     .   (no cloak)
rCorr    .         Rampage  .   (gloves unavailable)
Will     .....                  (boots unavailable)
Stlth    +.........             (no amulet)
HPRegen  0.06/turn              i - ring of positive energy
MPRegen  0.09/turn              k - ring of ice

@: very quick
A: very small, unfitting armour, see invisible, speed 3
a: no special abilities


You were on level 2 of the Dungeon.
You visited 1 branch of the dungeon, and saw 2 of its levels.

You collected 58 gold pieces.

Inventory:

Hand Weapons
 a - a +0 flail (weapon)
Armour
 b - a +0 robe (worn)
 c - a +0 buckler (worn)
Jewellery
 i - a ring of positive energy (left hand)
 k - a ring of ice (right hand)
 l - an uncursed amulet of regeneration {unknown}
Scrolls
 e - 3 scrolls of identify {unknown}
 g - a scroll of enchant weapon {unknown}
 j - a scroll of blinking {unknown}
 m - a scroll of remove curse {unknown}
 o - a scroll of amnesia {unknown}
Potions
 d - 2 potions of might
 f - a potion of magic {unknown}
 h - a potion of degeneration {unknown}
 n - a potion of heal wounds {unknown}


   Skills:
 + Level 2.8 Fighting
 * Level 2.2 Maces & Flails
 + Level 5.0 Dodging
 + Level 2.5 Shields


You had 2 spell levels left.
You didn't know any spells.
Your spell library was empty.

Dungeon Overview and Level Annotations

Branches:
Dungeon (2/15)

Altars:


Innate Abilities, Weirdness & Mutations

You are very small and have problems with some larger weapons.
You are too small for most types of armour.
You have supernaturally acute eyesight. (SInv)
You cover ground extremely quickly.


Message History

The worm is almost dead.
You hit the worm but do no damage.
The worm is almost dead.
The worm completely misses you.
You sock the worm!
You kill the worm!
The bat closely misses you. The hobgoblin closely misses you.
You barely miss the hobgoblin. The hobgoblin closely misses you.
You closely miss the hobgoblin. The hobgoblin barely misses you.
You closely miss the hobgoblin. You block the hobgoblin's attack.
You hit the hobgoblin but do no damage. The hobgoblin hits you with a +0 club.
* * * LOW HITPOINT WARNING * * *
The hobgoblin barely misses you.
You take 3 damage, and have 3/19 hp.
You hit the hobgoblin.
You kill the hobgoblin!
You block the bat's attack.
You closely miss the hobgoblin. You block the hobgoblin's attack.
The hobgoblin hits you with a +0 club.
You die...

....... . ....... #.
....... #. .......
#. ...?... #.
.......# #.
#####.......#..####.
#..@gb...# #....<..
#.######## ##.####.
#.# #. #.# #. #.# #.
#.# #. #.# # ##. #.#
#.###.# #.# #....##


You could see a hobgoblin and a bat.

Vanquished Creatures
  2 adders (D:2)
  2 worms (D:2)
  A giant cockroach (D:2)
  7 goblins (D:1)
  3 hobgoblins
  4 jackals
  7 kobolds
  4 bats
  A frilled lizard (D:1)
  5 rats (D:1)
36 creatures vanquished.

Notes
Turn   | Place    | Note
-------+----------+-------------------------------------------
     0 | D:1      | jasper the Spriggan Fighter began the quest for the Orb.
     0 | D:1      | Reached XP level 1. HP: 11/11 MP: 2/2
   742 | D:1      | Reached XP level 2. HP: 9/16 MP: 3/3
  1319 | D:2      | Reached XP level 3. HP: 19/19 MP: 4/4
  1413 | D:2      | Reached skill level 5 in Dodging
  1554 | D:2      | Slain by a hobgoblin

Illustrated notes

Levels and vault maps discovered:
D:1:      minmay_arrival_loop, layout_loops_cross, hangedman_feature_mirror,
          serial_bayou_pond_e
D:2:      minmay_chambers_of_ones, layout_loops_ring

Skill      XL: |  1  2  3 |
---------------+----------+-----
Maces & Flails | 2 |  2.2
Dodging        | 5 |  5.0
Fighting       | |  2.8
Shields        | |  2.5

Action                   || total
-------------------------++-------
Melee: Flail             ||   108
 Stab: Sleeping          ||     1
Armor: Robe              ||     9
Dodge: Dodged            ||    83
Block: Buckler           ||    32

Table legend: (Time is in decaauts)
 A = Elapsed time spent in this place.
 B = Non-inter-level travel time spent in this place.
 C = Inter-level travel time spent in this place.
 D = Time resting spent in this place.
 E = Time spent auto-exploring this place.
 F = Levels seen in this place.
 G = Mean time per level.
                   A        B        C        D        E       F      G
               +--------+--------+--------+--------+--------+-----+--------+
         Total |   1323 |   1313 |     10 |    595 |    486 |   2 |  661.5 |
       Dungeon |   1323 |   1313 |     10 |    595 |    486 |   2 |  661.5 |
               +--------+--------+--------+--------+--------+-----+--------+

Top non-repeatable levels by time:
     D:1: 1089 daAuts
     D:2: 234 daAuts
